 Dungeon Crawl Stone Soup version 0.20.1-1-g8b1a95d (webtiles) character file.

28 HammerPanzer the Skirmisher (level 3, 0/43 HPs)
             Began as a Demonspawn Berserker on Oct 26, 2017.
             Was a Follower of Trog.
             Slain by Crazy Yiuf
             ... wielding a +3 quarterstaff of chaos
              (7 damage)
             ... on level 2 of the Dungeon.
             The game lasted 00:04:46 (1151 turns).

HammerPanzer the Skirmisher (Demonspawn Berserker)  Turns: 1151, Time: 00:04:48

Health: 0/43       AC:  6    Str: 23    XL:     3   Next: 0%
Magic:  3/3        EV: 10    Int:  8    God:    Trog [*.....]
Gold:   74         SH:  0    Dex: 12    Spells: 2/2 levels left

rFire    . . .     SeeInvis .   a - +0 mace
rCold    . . .     Gourm    .   (no shield)
rNeg     . . .     Faith    .   d - +0 scale mail
rPois    .         Spirit   .   (no helmet)
rElec    .         Reflect  .   (no cloak)
rCorr    .         Harm     .   (no gloves)
MR       .....                  (no boots)
Stlth    ..........             (no amulet)
Regen    0.2/turn               (no ring)
MPRegen  0.1/turn               (no ring)

@: berserking, lethally poisoned (0 -> -7), very quick
A: talons 1
a: Berserk, Burn Spellbooks, Renounce Religion


You were on level 2 of the Dungeon.
You worshipped Trog.
Trog was aware of your devotion.
You were hungry.

You visited 1 branch of the dungeon, and saw 2 of its levels.

You collected 74 gold pieces.

Inventory:

Hand Weapons
 a - a +0 mace (weapon)
Armour
 d - a +0 scale mail (worn)
Scrolls
 e - a scroll of remove curse {unknown}
 h - a scroll of recharging {unknown}
 l - a scroll of fear {unknown}
 m - 2 scrolls of identify {unknown}
 o - a scroll of magic mapping {unknown}
 p - a scroll of noise {unknown}
 q - a scroll of enchant armour {unknown}
Potions
 b - a potion of berserk rage {unknown}
 i - a potion of degeneration {unknown}
 j - a potion of brilliance {unknown}
 k - a potion of flight {unknown}
 n - a potion of curing {unknown}
Comestibles
 c - a bread ration
 f - 7 fruits
 g - 3 chunks of flesh
 r - a meat ration


   Skills:
 - Level 3.3 Fighting
 + Level 3.3 Maces & Flails
 - Level 2.0 Armour
 - Level 1.9 Dodging


You had 2 spell levels left.
You didn't know any spells.

Dungeon Overview and Level Annotations

Branches:
Dungeon (2/15)

Altars:
Ashenzari

Annotations:
D:2 Crazy Yiuf


Innate Abilities, Weirdness & Mutations

You have sharp toenails.


Message History

Crazy Yiuf grits, "Mama!
Fluff tired arga."
Crazy Yiuf hits you but does no damage.
You are poisoned.
You hit Crazy Yiuf. You claw Crazy Yiuf, but do no damage.
Crazy Yiuf is lightly wounded.
You feel sick.
Crazy Yiuf hits you with a quarterstaff of chaos.
Crazy Yiuf burns you.
Unknown command.
A red film seems to cover your vision as you go berserk!
You feel yourself moving faster!
You feel mighty!
You are feeling hungry.
Crazy Yiuf hits you but does no damage.
You closely miss Crazy Yiuf. Your kick misses Crazy Yiuf.
You feel sick.
Crazy Yiuf hits you with a quarterstaff of chaos!
You are electrocuted!
* * * LOW HITPOINT WARNING * * *
You barely miss Crazy Yiuf.
Crazy Yiuf hits you with a quarterstaff of chaos!
You die...

##..##
###.........
♣....♣
#..#######.#
♣♣...♣ ##.#
#.# ♣♣)♣♣
#.# ##+#
♣♣.♣ #.#
##... ♣.♣♣
#.# ##....
♣♣.♣ ##.#
##..... ♣.♣♣
#..###......
#@#
#....'......
#.g)#
#....#......
#..)#
##.#.##.....
#)..#
#..#.###....
##### ####.#
##... #.#
##+# #.# #.#
..#####.#
#........


You could see Crazy Yiuf.

Vanquished Creatures
  A worm (D:2)
  A dart slug (D:2)
  A leopard gecko (D:2)
  2 giant cockroaches
  3 hobgoblins
  A ball python (D:1)
  3 bats
  4 frilled lizards
  4 kobolds
  4 rats (D:1)
24 creatures vanquished.

Notes
Turn   | Place    | Note
-------+----------+-------------------------------------------
     0 | D:1      | HammerPanzer the Demonspawn Berserker began the quest for the Orb.
     0 | D:1      | Reached XP level 1. HP: 18/18 MP: 1/1
   290 | D:1      | Gained mutation: You have sharp toenails. [demonic ancestry]
   290 | D:1      | Reached XP level 2. HP: 23/24 MP: 2/2
   708 | D:2      | Found a shattered altar of Ashenzari.
  1082 | D:2      | Reached XP level 3. HP: 25/29 MP: 3/3
  1141 | D:2      | Found a runed door.
  1145 | D:2      | Noticed Crazy Yiuf
  1151 | D:2      | Slain by Crazy Yiuf

Skill      XL: |  1  2 |
---------------+-------+-----
Armour         | 2 |  2.0
Maces & Flails | 3 |  3.3
Fighting       | |  3.3
Dodging        | |  1.9

Action                   || total
-------------------------++-------
Melee: Mace              ||    76
       Kick              ||     7
Invok: Berserk           ||     1
  Eat: Chunk             ||     1
Armor: Scale mail        ||    39
       Animal skin       ||     3
Dodge: Dodged            ||    48
